 Dungeon Crawl Stone Soup version 0.20.1-1-g8b1a95d (webtiles) character file.

422 Jazqa the Ruffian (level 6, -19/62 HPs)
             Began as a Troll Berserker on Oct 30, 2017.
             Was an Initiate of Cheibriados.
             Demolished by a polar bear (21 damage)
             ... created by the rage of Trog
             ... on level 4 of the Dungeon.
             The game lasted 00:03:04 (2782 turns).

Jazqa the Ruffian (Troll Berserker)                 Turns: 2782, Time: 00:03:04

Health: -19/62     AC:  5    Str: 23 (28) XL:     6   Next: 63%
Magic:  5/5        EV: 11    Int:  4      God:    Cheibriados [......]
Gold:   131        SH:  0    Dex: 11      Spells: 5/5 levels left

rFire    . . .     SeeInvis .     - Unarmed
rCold    . . .     Gourm    +   (no shield)
rNeg     . . .     Faith    .   a - +0 animal skin
rPois    .         Spirit   .   (helmet restricted)
rElec    .         Reflect  .   (no cloak)
rCorr    .         Harm     .   (gloves unavailable)
MR       .....                  (boots unavailable)
Stlth    +.........             (no amulet)
Regen    0.6/turn               (no ring)
MPRegen  0.1/turn               (no ring)

@: very slow
A: unfitting armour, claws 3, fast metabolism 3, gourmand, regeneration 1,
shaggy fur 1, tough skin 2
a: Bend Time, Renounce Religion


You were on level 4 of the Dungeon.
You worshipped Cheibriados.
Cheibriados was noncommittal.
You were completely stuffed.

You visited 1 branch of the dungeon, and saw 4 of its levels.

You collected 131 gold pieces.


Innate Abilities, Weirdness & Mutations

You are too large for most types of armour.
You have claws for hands.
Your metabolism is lightning-fast.
You like to eat raw meat.
Your natural rate of healing is unusually fast.
You are covered in fur. (AC +1)
You have very tough skin. (AC +2)


   Skills:
 + Level 4.2 Fighting
 - Level 3.6 Dodging
 + Level 5.3 Unarmed Combat


You had 5 spell levels left.
You didn't know any spells.

Inventory:

Armour
 a - a +0 animal skin (worn)
 h - a +2 animal skin
 j - a scarf of resistance
Scrolls
 d - a scroll of enchant armour {unknown}
 e - 2 scrolls of identify {unknown}
 k - a scroll of fear {unknown}
 n - a scroll of enchant weapon {unknown}
 o - a scroll of blinking {unknown}
 p - 2 scrolls of amnesia {unknown}
 r - a scroll of recharging {unknown}
 s - a scroll of random uselessness {unknown}
 u - a scroll of teleportation {unknown}
Potions
 c - 3 potions of heal wounds {unknown}
 i - 3 potions of curing {unknown}
 l - a potion of flight {unknown}
 m - a potion of ambrosia {unknown}
 q - 2 potions of haste {unknown}
Comestibles
 b - 6 bread rations {@e1}
 f - a meat ration {@e1}
 g - 2 royal jellies {@e3}
 t - 10 chunks of flesh

Dungeon Overview and Level Annotations

Branches:
Dungeon (4/15)             Temple (0/1) D:4

Altars:
Cheibriados
Elyvilon
Nemelex Xobeh
Ru

..# ..## ...#
...## .... ##
##..# .###
####..# ....
#######h.))#
#...
##..hh@hh...#
##...
#.########.)#
##.... ### #..#
#.....
#..######....#
#..##.........
#
#.......#.....
#.
##...######....
#..######...##
##...
..........#
##...


You could see 2 polar bears and 3 black bears.


Message History

* * * LOW HITPOINT WARNING * * *
The black bear claws you.
* * * LOW HITPOINT WARNING * * *
The black bear barely misses you. The polar bear barely misses you.
The polar bear claws you.
* * * LOW HITPOINT WARNING * * *
The polar bear claws you but does no damage.
The black bear bites you but does no damage.
The black bear barely misses you. The black bear claws you.
* * * LOW HITPOINT WARNING * * *
You barely miss the black bear.
The black bear rages.
The polar bear bites you.
* * * LOW HITPOINT WARNING * * *
The polar bear claws you.
* * * LOW HITPOINT WARNING * * *
The polar bear closely misses you. The black bear bites you!
* * * LOW HITPOINT WARNING * * *
The black bear barely misses you. x2
You closely miss the polar bear.
The polar bear is moderately wounded.
The polar bear misses you. The polar bear claws you.
* * * LOW HITPOINT WARNING * * *
The polar bear closely misses you. The black bear barely misses you. x2
The black bear claws you.
* * * LOW HITPOINT WARNING * * *
You claw the polar bear!
The polar bear is moderately wounded.
The polar bear bites you!!
You die...

Skill      XL: |  1  2  3  4  5  6 |
---------------+-------------------+-----
Fighting       | 3 4 |  4.2
Dodging        | 3 |  3.6
Unarmed Combat | 4 5 |  5.3

Action                   |  1- 3 |  4- 6 || total
-------------------------+-------+-------++-------
Melee: Unarmed           |    72 |   146 ||   218
       Punch             |       |     1 ||     1
Invok: Berserk           |       |     2 ||     2
  Eat: Chunk             |    11 |    23 ||    34
Armor: Animal skin       |    24 |    55 ||    79
Dodge: Dodged            |    35 |   104 ||   139

Vault maps used:
D:1:      lemuel_arrival_funnel
D:2:      nicolae_overflow_hidden_temple, nemelex_lonely_heart_becter
D:3:      lemuel_round_altar, lemuel_doored_altar, first_bread,
          nicolae_underground_beach, uniq_natasha, uniq_robin
D:4:      kennysheep_little_box, temple_fountains, minivault_24, uniq_pikel

Notes
Turn   | Place    | Note
-------+----------+-------------------------------------------
     0 | D:1      | Jazqa the Troll Berserker began the quest for the Orb.
     0 | D:1      | Reached XP level 1. HP: 22/22 MP: 0/0
    46 | D:1      | Reached XP level 2. HP: 29/29 MP: 1/1
   379 | D:1      | Reached XP level 3. HP: 28/36 MP: 2/2
   381 | D:1      | Reached ** piety under Trog
   469 | D:2      | Found a sparkling altar of Nemelex Xobeh.
   469 | D:2      | Noticed Jessica
   471 | D:2      | Killed Jessica
   612 | D:2      | Reached skill level 3 in Fighting
   626 | D:2      | Reached skill level 3 in Dodging
   626 | D:2      | Reached XP level 4. HP: 38/45 MP: 3/3
   701 | D:2      | Found a white marble altar of Elyvilon.
   841 | D:2      | Reached skill level 4 in Unarmed Combat
  1359 | D:3      | Reached XP level 5. HP: 53/53 MP: 4/4
  1457 | D:3      | Found a sacrificial altar of Ru.
  1589 | D:3      | Noticed Natasha
  1600 | D:3      | Killed Natasha
  1721 | D:3      | Found a snail-covered altar of Cheibriados.
  1764 | D:3      | Noticed Robin
  1773 | D:3      | Reached *** piety under Trog
  1788 | D:3      | Killed Robin
  2033 | D:3      | Fell from the grace of Trog
  2033 | D:3      | Became a worshipper of Cheibriados the Contemplative
  2268 | D:4      | Found a staircase to the Ecumenical Temple.
  2357 | D:4      | Noticed Natasha
  2362 | D:4      | Killed Natasha
  2498 | D:4      | Reached XP level 6. HP: 62/62 MP: 5/5
  2539 | D:4      | Reached skill level 4 in Fighting
  2539 | D:4      | Reached skill level 5 in Unarmed Combat
  2776 | D:4      | Noticed a polar bear
  2776 | D:4      | Noticed a polar bear
  2781 | D:4      | HP: 1/62 [black bear[the rage of Trog] (6)]
  2782 | D:4      | Demolished by a polar bear

Vanquished Creatures
  An ogre (D:4)
  A centaur skeleton (D:4)
  Jessica (D:2)
  Natasha (twice) (D:3 D:4)
  An orc wizard (D:4)
  Robin (D:3)
  3 gnolls (D:2)
  5 adders
  An ooze (D:1)
  An adder skeleton (D:4)
  4 worms (D:2)
  3 dart slugs
  5 leopard geckos
  7 orcs
  6 bats
  7 giant cockroaches
  16 goblins
  12 hobgoblins
  2 jackals (D:2)
  7 kobolds
  A ball python (D:3)
  4 frilled lizards
  2 rats (D:2)
93 creatures vanquished.
